 Dungeon Crawl Stone Soup version 0.31-a0-1522-g43313d8a59 (webtiles) character file.

Game seed: 5742677056907733408

73 Xavori the Trooper (level 4, -1/35 HPs)
             Began as a Djinni Chaos Knight on Dec 30, 2023.
             Was a Plaything of Xom.
             Slain by a hobgoblin (3 damage)
             ... led by Robin
             ... on level 2 of the Dungeon.
             The game lasted 00:01:45 (9591 turns).

Xavori the Trooper (Djinni Chaos Knight)            Turns: 9591, Time: 00:01:47

Health: -1/35      AC:  5    Str: 11    XL:     4   Next: 51%
Gold:   68         EV: 12    Int: 13    God:    Xom [......] SH:  0 Dex: 15

rFire   + + .        a - +0 falchion (chaos)
rCold   x . .        (no shield)
rNeg    . . .        b - +2 leather armour
rPois   ∞            (helmet restricted)
rElec   .            g - scarf {shadows}
rCorr   .            (no gloves)
SInv    +            (boots unavailable)
Will    .....        (no amulet)
Stlth   +            (no ring)
HPRegen 0.25/turn    (no ring)
MPRegen 0.00/turn

%: infuse magic (-2 HP)
@: flying
A: sickness immunity, fire resistance 2, cold vulnerability 1, float, innate
caster, HP casting, extra vitality 1, antennae 1, fangs 1, see invisible,
screaming 1, persistent drain
a: Renounce Religion


You were on level 2 of the Dungeon.
You worshipped Xom.
You were a very special plaything of Xom.
You visited 1 branch of the dungeon, and saw 2 of its levels.

You collected 68 gold pieces.

Inventory:

Hand Weapons
 a - a +0 falchion of chaos (weapon)
Armour
 b - a +2 leather armour (worn)
 g - a scarf of shadows (worn)
Jewellery
 i - a +4 ring of protection
Wands
 h - a wand of iceblast (7)
Scrolls
 c - a scroll of butterflies
 e - a scroll of fear {unknown}
 f - 3 scrolls of identify {unknown}
Potions
 d - a potion of heal wounds {unknown}
 j - a potion of enlightenment {unknown}
 k - a potion of lignification {unknown}


   Skills:
 + Level 3.3 Fighting
 + Level 3.0 Long Blades
 + Level 1.7 Armour
 + Level 2.7 Dodging
 * Level 1.4 Spellcasting
 * Level 1.4 Conjurations
 * Level 1.4 Hexes
   Level 0.0 Charms
 * Level 1.4 Summonings
 * Level 1.4 Necromancy
 * Level 1.4 Translocations
   Level 0.0 Transmutations
 * Level 1.4 Fire Magic
 * Level 1.4 Ice Magic
 * Level 1.4 Air Magic
 * Level 1.4 Earth Magic
 * Level 1.4 Alchemy


You knew the following spells:

 Your Spells              Type           Power      Damage    Failure   Level
a - Summon Small Mammal   Summ           16%        N/A       21%         1
Your spell library was empty.

Dungeon Overview and Level Annotations

Branches:
Dungeon (2/15)

Altars:

Shops:
D:1 :

Annotations:
D:2 Robin


Innate Abilities, Weirdness & Mutations

You are immune to sickness and miasma.
You are immune to poison.
Your flesh is very heat resistant. (rF++)
You are vulnerable to cold. (rC-)
You float through the air rather than walking.
You learn spells naturally, not from books.
Your magical power is your life essence.
You have superior vitality. (+4 MHP)
You have a pair of small antennae on your head.
You have very sharp teeth.
You have supernaturally acute eyesight. (SInv)
You occasionally shout uncontrollably at your foes.
Your health recovers twice as slowly from being drained.


Message History

The hobgoblin barely misses you. The goblin hits you with a +0 dagger.
The goblin barely misses you.
You slash the goblin!
You kill the goblin!
The goblin barely misses you. The hobgoblin misses you.
The goblin hits you but does no damage.
You closely miss the goblin. The goblin hits you but does no damage.
The goblin closely misses you. The hobgoblin closely misses you.
The goblin completely misses you.
You hit the goblin.
You kill the goblin!
The goblin hits you with a +0 club. The hobgoblin barely misses you.
The goblin closely misses you.
You miss the goblin. The goblin closely misses you.
The hobgoblin closely misses you.
Robin says, "Feeling lonely?"
The goblin hits you with a +0 dagger. The goblin barely misses you.
You barely miss the goblin. Your bite misses the goblin.
The goblin hits you but does no damage. The hobgoblin hits you.
The goblin hits you but does no damage. The goblin barely misses you. x2
You hit the goblin.
You kill the goblin!
The hobgoblin barely misses you. The goblin barely misses you.
The hobgoblin hits you. The goblin hits you with a +0 club.
A goblin comes into view. It is wielding a +0 club.
The goblin misses you.
You barely miss the goblin. You bite the goblin.
The goblin is heavily wounded.
The goblin hits you with a +0 club. The goblin barely misses you.
The hobgoblin hits you.
* * * LOW HITPOINT WARNING * * *
The goblin closely misses you.
You barely miss the goblin. Your bite misses the goblin.
The goblin is heavily wounded.
The goblin hits you with a +0 club.
* * * LOW HITPOINT WARNING * * *
The goblin hits you with a +0 club.
* * * LOW HITPOINT WARNING * * *
The hobgoblin hits you.
You die...

.........#
.........#
.=.......#
.........#
......g..#####
.....g#......#
####g#gg####.#
#g#ggg.# #
#g@#.# ####.#
### { ... ..#
#.##.# ....# .
#..##### #
#......# #
#g###.## # ###
#.


You could see a hobgoblin (strong) and 7 goblins.

Vanquished Creatures
  3 adders (D:2)
  A ribbon worm (D:2)
  2 ball pythons
  5 endoplasms
  A giant cockroach (D:1)
  9 goblins
  A hobgoblin (D:2)
  2 jackals (D:1)
  2 quokkas (D:1)
  3 bats (D:1)
  A frilled lizard (D:1)
  5 kobolds
  7 rats
42 creatures vanquished.

Vanquished Creatures (collateral kills)
  A bat (D:2)
  A frilled lizard (D:2)
  A rat (D:2)
3 creatures vanquished.

Grand Total: 45 creatures vanquished

Notes
Turn   | Place    | Note
-------+----------+-------------------------------------------
     0 | D:1      | Xavori the Djinni Chaos Knight began the quest for the Orb.
     0 | D:1      | Reached XP level 1. HP: 20/20 MP: 0/0
    82 | D:1      | Reached XP level 2. HP: 25/25 MP: 0/0
   275 | D:1      | Reached XP level 3. HP: 29/30 MP: 0/0
   275 | D:1      | Learned a level 1 spell: Summon Small Mammal
   285 | D:1      | You are sucked into a shaft and drop 1 floor!
   318 | D:1      | Reached skill level 1 in Spellcasting
   318 | D:1      | Reached skill level 1 in Conjurations
   318 | D:1      | Reached skill level 1 in Hexes
   318 | D:1      | Reached skill level 1 in Summonings
   318 | D:1      | Reached skill level 1 in Necromancy
   318 | D:1      | Reached skill level 1 in Translocations
   318 | D:1      | Reached skill level 1 in Fire Magic
   318 | D:1      | Reached skill level 1 in Ice Magic
   318 | D:1      | Reached skill level 1 in Air Magic
   318 | D:1      | Reached skill level 1 in Earth Magic
   318 | D:1      | Reached skill level 1 in Alchemy
   318 | D:1      | XOM: potion effect (berserk rage)
   379 | D:1      | XOM: silly message
   571 | D:1      | Found Zaott's Book Shoppe.
   571 | D:1      | Noticed a walking earthen tome
   571 | D:1      | Noticed a walking earthen tome
  1193 | D:1      | XOM: give mutations
  1193 | D:1      | Gained mutation: You occasionally shout uncontrollably at
                  | your foes. [Xom's mischief]
  1193 | D:1      | Gained mutation: Your health recovers twice as slowly from
                  | being drained. [Xom's mischief]
  1936 | D:1      | XOM: give mutations
  1936 | D:1      | Gained mutation: Your muscles are strong. (Str +4, Int/Dex
                  | -1) [Xom's mischief]
  1936 | D:1      | Gained mutation: You are partially covered in iridescent
                  | scales. (AC +2) [Xom's mischief]
  1936 | D:1      | Lost mutation: Your health recovers twice as slowly from
                  | being drained. [Xom's mischief]
  1936 | D:1      | Lost mutation: Your muscles are strong. (Str +4, Int/Dex
                  | -1) [Xom's mischief]
  1940 | D:1      | XOM: summons 4 hostile shadow creatures
  3752 | D:1      | XOM: summons 2 hostile demons
  3977 | D:1      | XOM: summons 3 hostile shadow creatures
  3993 | D:2      | XOM is BORED!
  3993 | D:2      | XOM: 1-stop teleportation journey
  4066 | D:2      | XOM: scenery: 1 doors close
  4090 | D:2      | XOM: noise
  4094 | D:2      | Reached XP level 4. HP: 20/35 MP: 0/0
  4166 | D:2      | XOM: give mutation
  4166 | D:2      | Gained mutation: Your muscles are strong. (Str +4, Int/Dex
                  | -1) [Xom's grace]
  4598 | D:1      | XOM: silly message
  4606 | D:1      | XOM: god gift: 9 gold pieces
  5098 | D:1      | XOM: silly message
  5690 | D:1      | XOM: divination: detect creatures
  5757 | D:1      | XOM: silly message
  6111 | D:1      | XOM: god gift: clouded copper ring {god gift}
  6111 | D:1      | Identified the ring "Sowkem" {Ice Fly rN++ Will+ Slay-3}
                  | (Xom gifted it to you on level 1 of the Dungeon)
  6422 | D:1      | XOM: give mutations
  6422 | D:1      | Gained mutation: You have supernaturally acute eyesight.
                  | (SInv) [Xom's mischief]
  6422 | D:1      | Gained mutation: You have a pair of small antennae on your
                  | head. [Xom's mischief]
  6448 | D:1      | XOM: god gift: Xom's Parchment of Negligence {god gift}
  7604 | D:1      | XOM is BORED!
  7604 | D:1      | XOM: summons 4 hostile shadow creatures
  7938 | D:1      | XOM: noise
  9072 | D:1      | XOM: give mutation
  9072 | D:1      | Gained mutation: You have very sharp teeth. [Xom's
                  | mischief]
  9295 | D:1      | XOM: give mutations
  9295 | D:1      | Gained mutation: Your health recovers twice as slowly from
                  | being drained. [Xom's mischief]
  9295 | D:1      | Lost mutation: You are partially covered in iridescent
                  | scales. (AC +2) [Xom's mischief]
  9295 | D:1      | Lost mutation: Your muscles are strong. (Str +4, Int/Dex
                  | -1) [Xom's mischief]
  9575 | D:2      | Noticed Robin
  9575 | D:2      | XOM: 5-stop teleportation journey
  9591 | D:2      | Slain by a hobgoblin

Illustrated notes

Levels and vault maps discovered:
D:1:      elethiomel_arrival_infinity_welcomes_careful_drivers, layout_rooms,
          serial_shops, nicolae_shop_mannequins, st_stairs_12, minmay_3d_cube
D:2:      layout_basic, minmay_bisected, uniq_robin, uniq_crazy_yiuf_cottage

Skill      XL: |  1  2  3 |
---------------+----------+-----
Spellcasting   | 1 |  1.4
Conjurations   | 1 |  1.4
Hexes          | 1 |  1.4
Summonings     | 1 |  1.4
Necromancy     | 1 |  1.4
Translocations | 1 |  1.4
Fire Magic     | 1 |  1.4
Ice Magic      | 1 |  1.4
Air Magic      | 1 |  1.4
Earth Magic    | 1 |  1.4
Alchemy        | 1 |  1.4
Long Blades    | 3 |  3.0
Fighting       | |  3.3
Armour         | |  1.7
Dodging        | |  2.7

Action                     |  1- 3 |  4- 6 || total
---------------------------+-------+-------++-------
  Melee: Falchion          |    89 |    36 ||   125
         Punch             |     1 |       ||     1
         Bite              |       |     1 ||     1
   Stab: Sleeping          |     2 |       ||     2
         Distracted        |       |     1 ||     1
 Armour: Leather armour    |    62 |    36 ||    98
  Dodge: Dodged            |    82 |    58 ||   140

Table legend: (Time is in decaauts)
 A = Elapsed time spent in this place.
 B = Non-inter-level travel time spent in this place.
 C = Inter-level travel time spent in this place.
 D = Time resting spent in this place.
 E = Time spent auto-exploring this place.
 F = Levels seen in this place.
 G = Mean time per level.
                   A        B        C        D        E       F      G
               +--------+--------+--------+--------+--------+-----+--------+
         Total |   9627 |   9608 |     19 |   8558 |    730 |   2 | 4813.5 |
       Dungeon |   9627 |   9608 |     19 |   8558 |    730 |   2 | 4813.5 |
               +--------+--------+--------+--------+--------+-----+--------+

Top non-repeatable levels by time:
     D:1: 8793 daAuts
     D:2: 834 daAuts
